 Dungeon Sprint DCSS version 0.28-a0-1412-gf95308ed99 (webtiles) character file.

Game seed: 15914356191208783975

25 brmiller01 the Skirmisher (level 3, -3/24 HPs)
             Began as a Gargoyle Berserker on Jan 6, 2022.
             Was a Follower of Trog.
             Slain by an ogre (27 damage)
             ... in the Dungeon (Sprint I: "Red Sonja").
             The game lasted 00:00:20 (66 turns).

brmiller01 the Skirmisher (Gargoyle Berserker)        Turns: 66, Time: 00:00:20

Health: -3/24      AC:  5    Str: 22    XL:     3   Next: 4%
Magic:  3/3        EV: 11    Int:  7    God:    Trog [*.....]
Gold:   0          SH:  0    Dex:  9    Spells: 2/2 levels left

rFire   . . .      SeeInvis .   a - +0 hand axe
rCold   . . .      Faith    .   (no shield)
rNeg    + . .      Spirit   .   b - +0 animal skin
rPois   ∞          Reflect  .   (no helmet)
rElec   +          Harm     .   (no cloak)
rCorr   .          Rampage  .   (no gloves)
Will    .....      NoTele   +   (no boots)
Stlth   +.........              (no amulet)
HPRegen 0.08/turn               (no ring)
MPRegen 0.08/turn               (no ring)

@: no status effects
A: sickness immunity, AC +3, negative energy resistance 1, electricity
resistance, torment resistance 1, petrification resistance
a: Renounce Religion, Berserk


You were in the Dungeon.
You worshipped Trog.
Trog was aware of your devotion.
You visited 1 branch

Inventory:

Hand Weapons
 a - a +0 hand axe (weapon)
Armour
 b - a +0 animal skin (worn)
Wands
 i - a wand of digging (8)
Scrolls
 h - a scroll of blinking
Potions
 c - a potion of curing
 d - a potion of heal wounds
 e - a potion of haste
 f - 2 potions of magic
 g - a potion of berserk rage


   Skills:
 + Level 4.5 Fighting
 * Level 4.5 Axes
 + Level 3.7 Armour
 - Level 1.5 Dodging


You had 2 spell levels left.
You didn't know any spells.
Your spell library was empty.

Dungeon Overview and Level Annotations

Branches:
Dungeon (1/1)

Altars:


Innate Abilities, Weirdness & Mutations

You are immune to sickness and miasma.
Your stone body is resilient. (AC +3)
You are immune to poison.
You resist negative energy. (rN+)
You are resistant to electric shocks. (rElec)
You are resistant to unholy torment.
You are immune to petrification.


Message History

Ijyb is severely wounded.
Ijyb barely misses you.
You slash Ijyb!
You kill Ijyb!
Trog accepts your kill.
Your Fighting skill increases to level 4!
Your Axes skill gained 2 levels and is now at level 4!
Your Armour skill increases to level 3!
You have reached level 2!
You have reached level 3!
Your experience leads to an increase in your attributes!
Increase (S)trength, (I)ntelligence, or (D)exterity?
You feel stronger. x2
You start resting.
You feel a strong urge to attack something.
You start resting.
You are no longer berserk.
You are exhausted.
You feel yourself slow down.
You start resting.
You feel yourself speed up.
You start resting.
You recover from your berserk rage.
HP restored.
i - a wand of digging (8)
Things that are here:
a +0 dagger; a +0 leather armour; the goblin corpse of Ijyb You open the door.
An ogre comes into view. It is wielding a +0 giant spiked club.
The ogre shouts!
The ogre barely misses you.
There is an open door here.
You hit the ogre.
The ogre is lightly wounded.
The ogre misses you.
You closely miss the ogre.
The ogre is lightly wounded.
The ogre hits you with a +0 giant spiked club!!
Ouch! That really hurt!
You die...

##########
#<.#..@O.#
#..').#..+
#..#####+#
#..# #..#
#..# #⌠⌠#
####


You could see an ogre.

Vanquished Creatures
  Ijyb (D)
1 creature vanquished.

Notes
Turn   | Place    | Note
-------+----------+-------------------------------------------
     0 | D        | brmiller01 the Gargoyle Berserker began the quest for the
                  | Orb.
     0 | D        | Reached XP level 1. HP: 14/14 MP: 1/1
     1 | D        | Noticed Ijyb
    10 | D        | Killed Ijyb
    11 | D        | Reached XP level 2. HP: 20/20 MP: 2/2
    11 | D        | Reached XP level 3. HP: 24/24 MP: 3/3
    63 | D        | Noticed an ogre
    66 | D        | Slain by an ogre

Illustrated notes

Levels and vault maps discovered:
D:        dungeon_sprint_1 [red_sonja_temple_1, red_sonja_temple_small_1]

Skill      XL: |  1 |
---------------+----+-----
Fighting       | 4 |  4.5
Axes           | 4 |  4.5
Armour         | 3 |  3.7
Dodging        | |  1.5

Action                   || total
-------------------------++-------
Melee: Hand axe          ||     9
Invok: Berserk           ||     1
Armor: Animal skin       ||     1
Dodge: Dodged            ||     6

Table legend: (Time is in decaauts)
 A = Elapsed time spent in this place.
 B = Non-inter-level travel time spent in this place.
 C = Inter-level travel time spent in this place.
 D = Time resting spent in this place.
 E = Time spent auto-exploring this place.
 F = Levels seen in this place.
 G = Mean time per level.
                   A        B        C        D        E       F      G
               +--------+--------+--------+--------+--------+-----+--------+
         Total |     79 |     79 |      0 |     56 |      7 |   1 |   79.0 |
       Dungeon |     79 |     79 |      0 |     56 |      7 |   1 |   79.0 |
               +--------+--------+--------+--------+--------+-----+--------+

Top non-repeatable levels by time:
       D: 79 daAuts
